 Dungeon Crawl Stone Soup version 0.21-a0-538-gd16b88a (webtiles) character file.

277 Lanoc the Skirmisher (level 6, -2/53 HPs)
             Began as a Gnoll Wanderer on Dec 17, 2017.
             Slain by an orc warrior
             ... wielding a +0 hand axe
              (4 damage)
             ... on level 4 of the Dungeon.
             The game lasted 00:11:07 (4113 turns).

Lanoc the Skirmisher (Gnoll Wanderer)               Turns: 4113, Time: 00:11:08

Health: -2/53      AC: 14    Str: 12 (14) XL:     6   Next: 25%
Magic:  8/8        EV:  3    Int: 15 (17) God:
Gold:   210        SH:  0    Dex: 13 (14) Spells: 8/8 levels left

rFire    . . .     SeeInvis .   i - +0 club
rCold    . . .     Gourm    .   (no shield)
rNeg     . . .     Faith    .   n - +0 plate armour
rPois    .         Spirit   .   (no helmet)
rElec    .         Reflect  .   (no cloak)
rCorr    .         Harm     .   (no gloves)
MR       .....                  u - +2 pair of boots
Stlth    ..........             (no amulet)
HPRegen  0.17/turn              (no ring)
MPRegen  0.11/turn              (no ring)

@: no status effects
A: distributed training, fangs 1, strong nose
a: no special abilities


You were on level 4 of the Dungeon.
You were not hungry.

You visited 1 branch of the dungeon, and saw 4 of its levels.

You collected 210 gold pieces.

Inventory:

Hand Weapons
 c - a +0 hand crossbow
 i - a +0 club (weapon)
Missiles
 b - 2 throwing nets (quivered)
 d - 24 bolts
Armour
 n - a +0 plate armour (worn)
 u - a +2 pair of boots (worn)
Wands
 t - a wand of flame (26)
 w - a wand of enslavement (9)
Scrolls
 h - a scroll of identify
 m - a scroll of teleportation
 o - a scroll of enchant armour {unknown}
 q - a scroll of immolation {unknown}
Potions
 g - a potion of flight
Comestibles
 f - 3 bread rations
 j - 2 meat rations
 k - a royal jelly


   Skills:
 + Level 6.8 Fighting
 + Level 1.8 Short Blades
 + Level 1.8 Long Blades
 + Level 1.8 Axes
 + Level 1.8 Maces & Flails
 + Level 1.8 Polearms
 + Level 1.8 Staves
 + Level 1.8 Slings
 + Level 1.8 Bows
 + Level 4.9 Crossbows
 + Level 3.1 Throwing
 + Level 3.1 Armour
 + Level 3.1 Dodging
 + Level 3.0 Stealth
 + Level 3.1 Shields
 + Level 1.8 Unarmed Combat
 + Level 1.8 Spellcasting
 + Level 1.4 Conjurations
 + Level 1.4 Hexes
 + Level 1.4 Charms
 + Level 1.4 Summonings
 + Level 1.4 Necromancy
 + Level 1.4 Translocations
 + Level 1.4 Transmutations
 + Level 1.4 Fire Magic
 + Level 1.4 Ice Magic
 + Level 1.4 Air Magic
 + Level 1.4 Earth Magic
 + Level 1.4 Poison Magic
 + Level 2.0 Invocations
 + Level 1.8 Evocations


You had 8 spell levels left.
You didn't know any spells.

Dungeon Overview and Level Annotations

Branches:
Dungeon (4/15)
 Temple: D:4-7

Altars:
Gozag
Xom

Shops:
D:4 ?


Innate Abilities, Weirdness & Mutations

Your experience applies equally to all skills.
You have very sharp teeth.
Your uncanny sense of smell can sniff out nearby items.


Message History

You hit the orc warrior but do no damage.
Your bite misses the orc warrior.
The orc warrior is moderately wounded.
The orc warrior hits you with a hand axe!
* * * LOW HITPOINT WARNING * * *
Evoke which item? (* to show all) (? for menu, Esc to quit)
Aiming: Enslavement
Press: ? - help, Shift-Dir - straight line, f - orc warrior
Aim: an orc warrior, wielding a hand axe and wearing a chain mail (moderately wounded, chance to defeat MR: 50%)
The orc warrior resists with significant effort.
The orc warrior hits you with a hand axe!
* * * LOW HITPOINT WARNING * * *
Evoke which item? (* to show all) (? for menu, Esc to quit)
Aiming: Throw Flame
Press: ? - help, Shift-Dir - straight line, f/p - orc warrior
Aim: an orc warrior, wielding a hand axe and wearing a chain mail (moderately wounded)
The puff of flame hits the orc warrior.
The orc warrior is heavily wounded.
The orc warrior hits you with a hand axe.
You die...

##.#.# #o# #.#
####.)<.###{#
#.#
#∩.....###..#
##.# #......#
#.## #..# ∆
#......# #.#
###.##
###....###)#
#...#
######.....##..#
#.###
#.......#..##.##
##.#
..#####.#..@o.#
##..#
#.##..#.###..##
#.###..(.##.##
#.# ##....#.#
#># #(.#...# ..#
#..#..## .##
#.(#### #.....#
#..###..#


You could see an orc warrior.

Vanquished Creatures
  An ogre (D:3)
  2 worker ants (D:4)
  3 adders (D:2)
  An ooze (D:3)
  3 worms
  3 dart slugs
  A leopard gecko (D:1)
  2 orcs
  A ball python (D:1)
  6 giant cockroaches
  7 goblins
  7 hobgoblins
  10 jackals
  2 quokkas (D:2)
  10 bats
  3 frilled lizards
  8 kobolds
  4 rats
  A plant (D:2)
75 creatures vanquished.

Vanquished Creatures (collateral kills)
  An orc wizard (D:4)
  A jackal skeleton (D:4)
2 creatures vanquished.

Vanquished Creatures (others)
  An orc priest (D:4)
1 creature vanquished.

Grand Total: 78 creatures vanquished

Notes
Turn   | Place    | Note
-------+----------+-------------------------------------------
     0 | D:1      | Lanoc the Gnoll Wanderer began the quest for the Orb.
     0 | D:1      | Lanoc set off with: a +0 leather armour, 4 throwing nets, a +0 hand crossbow, 28 bolts, a potion of lignification, a bread ration
     0 | D:1      | Reached XP level 1. HP: 23/23 MP: 1/1
    91 | D:1      | Reached XP level 2. HP: 29/29 MP: 2/2
   116 | D:1      | Found a shimmering altar of Xom.
   248 | D:1      | Reached XP level 3. HP: 34/35 MP: 3/3
   935 | D:2      | Found an opulent altar of Gozag.
   937 | D:2      | Reached skill level 1 in Invocations
  1073 | D:2      | Reached skill level 1 in Short Blades
  1073 | D:2      | Reached skill level 1 in Long Blades
  1073 | D:2      | Reached skill level 1 in Axes
  1073 | D:2      | Reached skill level 1 in Maces & Flails
  1073 | D:2      | Reached skill level 1 in Polearms
  1073 | D:2      | Reached skill level 1 in Staves
  1073 | D:2      | Reached skill level 1 in Slings
  1073 | D:2      | Reached skill level 1 in Bows
  1073 | D:2      | Reached skill level 1 in Unarmed Combat
  1073 | D:2      | Reached skill level 1 in Spellcasting
  1073 | D:2      | Reached skill level 1 in Evocations
  1073 | D:2      | Reached XP level 4. HP: 20/41 MP: 5/5
  1725 | D:2      | Reached skill level 1 in Conjurations
  1725 | D:2      | Reached skill level 1 in Hexes
  1725 | D:2      | Reached skill level 1 in Charms
  1725 | D:2      | Reached skill level 1 in Summonings
  1725 | D:2      | Reached skill level 1 in Necromancy
  1725 | D:2      | Reached skill level 1 in Translocations
  1725 | D:2      | Reached skill level 1 in Transmutations
  1725 | D:2      | Reached skill level 1 in Fire Magic
  1725 | D:2      | Reached skill level 1 in Ice Magic
  1725 | D:2      | Reached skill level 1 in Air Magic
  1725 | D:2      | Reached skill level 1 in Earth Magic
  1725 | D:2      | Reached skill level 1 in Poison Magic
  2477 | D:3      | Reached XP level 5. HP: 14/47 MP: 6/6
  3221 | D:4      | Found Yniliu's Magic Scroll Emporium.
  3224 | D:4      | Noticed an ogre
  3258 | D:3      | Killed an ogre
  3439 | D:4      | Reached XP level 6. HP: 26/53 MP: 8/8
  3733 | D:4      | Noticed an orc warrior
  3795 | D:4      | HP: 3/79 [orc warrior/hand axe (8)]
  4112 | D:4      | HP: 2/53 [orc warrior/hand axe (12)]
  4113 | D:4      | Slain by an orc warrior

Vault maps used:
D:1:      giann_wishing_wells, xom_teletrap_fun
D:2:      serial_bayou_pond_c, nicolae_gozag_cash_rules_everything_around_me
D:3:      kennysheep_path_1, kennysheep_generic_room_4
D:4:      serial_shops, shop, shop, kennysheep_mini_moat, uniq_ijyb

Skill      XL: |  1  2  3  4  5  6 |
---------------+-------------------+-----
Invocations    | 1 2 |  2.0
Short Blades   | 1 |  1.8
Long Blades    | 1 |  1.8
Axes           | 1 |  1.8
Maces & Flails | 1 |  1.8
Polearms       | 1 |  1.8
Staves         | 1 |  1.8
Slings         | 1 |  1.8
Bows           | 1 |  1.8
Unarmed Combat | 1 |  1.8
Spellcasting   | 1 |  1.8
Evocations     | 1 |  1.8
Conjurations   | 1 |  1.4
Hexes          | 1 |  1.4
Charms         | 1 |  1.4
Summonings     | 1 |  1.4
Necromancy     | 1 |  1.4
Translocations | 1 |  1.4
Transmutations | 1 |  1.4
Fire Magic     | 1 |  1.4
Ice Magic      | 1 |  1.4
Air Magic      | 1 |  1.4
Earth Magic    | 1 |  1.4
Poison Magic   | 1 |  1.4
Throwing       | 3 |  3.1
Armour         | 3 |  3.1
Dodging        | 3 |  3.1
Shields        | 3 |  3.1
Stealth        | 3 |  3.0
Fighting       | |  6.8
Crossbows      | |  4.9

Action                   |  1- 3 |  4- 6 || total
-------------------------+-------+-------++-------
Melee: Club              |       |   309 ||   309
       Bite              |       |    50 ||    50
 Fire: Hand crossbow     |    90 |    59 ||   149
Throw: Throwing net      |       |     2 ||     2
Evoke: Wand              |       |     3 ||     3
  Use: Scroll            |     3 |     2 ||     5
       Potion            |       |     6 ||     6
 Stab: Held in net/web   |       |     1 ||     1
       Invisible         |       |     4 ||     4
  Eat: Chunk             |       |     9 ||     9
       Royal jelly       |       |     1 ||     1
Armor: Leather armour    |    13 |     4 ||    17
       Plate armour      |       |   145 ||   145
       Skin              |       |    18 ||    18
Dodge: Dodged            |    29 |    64 ||    93

Table legend:
 A = Spawn XP
 B = Non-spawn XP
 C = Spawn XP percentage of total XP
 D = Spawn monster count
 E = Non-spawn monster count
 F = Spawn count percentage of total count
 G = Total turns spent on level
                    A         B        C        D         E        F      G
               +---------+---------+-------+---------+---------+-------+---------
         Total |       0 |     396 |   0.0 |       0 |      77 |   0.0 |  4113
               +---------+---------+-------+---------+---------+-------+---------
           D:1 |       0 |      53 |   0.0 |       0 |      28 |   0.0 |   922
           D:2 |       0 |      86 |   0.0 |       0 |      25 |   0.0 |  1249
           D:3 |       0 |     147 |   0.0 |       0 |      17 |   0.0 |  1497
           D:4 |       0 |     110 |   0.0 |       0 |       7 |   0.0 |   445
               +---------+---------+-------+---------+---------+-------+---------
